 Dungeon Crawl Stone Soup version 0.20-a0-274-g7b51309 (webtiles) character file.

63 Dysjunc the Skirmisher (level 3, -3/42 HPs)
             Began as a Demonspawn Wanderer on Dec 12, 2016.
             Slain by a worm (7 damage)
             ... on level 2 of the Dungeon.
             The game lasted 00:05:23 (1221 turns).

Dysjunc the Skirmisher (Demonspawn Wanderer)        Turns: 1221, Time: 00:05:23

Health: -3/42      AC: 21    Str: 14    XL:     3   Next: 87%
Magic:  6/6        EV:  2    Int: 12    God:
Gold:   158        SH:  0    Dex: 12    Spells: 7/7 levels left

rFire  . . .     SeeInvis +     a - +2 shortbow
rCold  . . .     Gourm    .     (armour currently unavailable)
rNeg   + + +     Faith    .     (shield currently unavailable)
rPois  +         Spirit   .     (helmet currently unavailable)
rElec  .         Reflect  .     (cloak currently unavailable)
rCorr  .         Harm     .     (gloves currently unavailable)
MR     .....     NoTele   +     (boots currently unavailable)
Stlth  ++........               (no amulet)
                                (no ring)
                                m - ring of see invisible

@: tree-form
A: (talons 0), demonic guardian 1
a: no special abilities


You were on level 2 of the Dungeon.
You were hungry.
You were a tree.
You visited 1 branch of the dungeon, and saw 2 of its levels.

You collected 158 gold pieces.

Inventory:

Hand Weapons
 a - a +2 shortbow (weapon)
Missiles
 b - 4 arrows (quivered)
 k - 43 bolts
 n - 17 poisoned needles
 p - 56 stones
 r - 6 javelins
Armour
 e - a +0 robe
 j - a +0 ring mail
 t - a cursed +0 chain mail (melded)
 w - a +1 leather armour of poison resistance
Jewellery
 m - a ring of see invisible (left branch)
Scrolls
 g - a scroll of enchant armour {unknown}
 h - 2 scrolls of blinking {unknown}
 l - 3 scrolls of identify {unknown}
 q - a scroll of noise {unknown}
 v - 3 scrolls of immolation {unknown}
 x - a scroll of amnesia {unknown}
Potions
 d - 2 potions of lignification
 s - a potion of mutation {unknown}
 z - a potion of haste {unknown}
Books
 c - the Volume of Dislocation

   Spells                             Type                      Level
   a - Apportation                    Translocation                1
   b - Portal Projectile              Translocation                3
Comestibles
 f - a bread ration
 o - 2 meat rations
 u - a royal jelly


   Skills:
 + Level 2.8 Fighting
 + Level 2.0 Bows
 + Level 1.5 Armour
 + Level 1.8 Stealth
   Level 1.0 Shields
 + Level 2.6 Spellcasting
   Level 1.0 Fire Magic


You had 7 spell levels left.
You didn't know any spells.

Dungeon Overview and Level Annotations

Branches:
Dungeon (2/15)

Altars:


Innate Abilities, Weirdness & Mutations

((You have sharp toenails.))
A weak demonic guardian rushes to your aid.


Message History

You barely miss the worm.
You clumsily bash the worm but do no damage.
The worm bites you but does no damage.
You clumsily bash the worm but do no damage.
The worm bites you.
* * * LOW HITPOINT WARNING * * *
You barely miss the worm. The worm bites you.
* * * LOW HITPOINT WARNING * * *
You clumsily bash the worm but do no damage.
The worm bites you.
* * * LOW HITPOINT WARNING * * *
You barely miss the worm. The worm bites you but does no damage.
You clumsily bash the worm but do no damage.
The worm bites you but does no damage.
You clumsily bash the worm but do no damage.
The worm bites you but does no damage.
You clumsily bash the worm but do no damage.
The worm bites you but does no damage.
You completely miss the worm. The worm bites you!
You die...

#......#
#.##.#.#
##.##.#.#
#.....#.#
#..####.#
#..####.#
#..)....#
#.#######
#########
##.#
#♣w.....#
...#
#.......#
####
#.......#
#.#..
....(......##
### .#.#
####........#
#.. ...#
#........#
#.##....
#......(.#
#.##...#
########.####
#.##.#.#
#...(...#


You could see a worm.

Vanquished Creatures
  Ijyb (D:2)
  An adder (D:2)
  2 oozes (D:1)
  A dart slug (D:1)
  A ball python (D:2)
  2 giant cockroaches (D:1)
  2 goblins (D:1)
  5 hobgoblins
  2 kobolds
  2 bats (D:1)
  2 frilled lizards (D:1)
  7 rats
28 creatures vanquished.

Notes
Turn   | Place    | Note
-------+----------+-------------------------------------------
     0 | D:1      | Dysjunc the Demonspawn Wanderer began the quest for the Orb.
     0 | D:1      | Dysjunc set off with: a +2 shortbow, 26 arrows, the Volume of Dislocation, a potion of lignification, a +0 robe, a bread ration
     0 | D:1      | Reached XP level 1. HP: 16/16 MP: 3/3
   114 | D:1      | Gained mutation: You have sharp toenails. [demonic ancestry]
   114 | D:1      | Reached XP level 2. HP: 21/23 MP: 5/5
   235 | D:1      | Identified the Volume of Dislocation
   745 | D:1      | Gained mutation: A weak demonic guardian rushes to your aid. [demonic ancestry]
   745 | D:1      | Reached XP level 3. HP: 26/28 MP: 6/6
   844 | D:2      | Noticed Ijyb
   855 | D:2      | Killed Ijyb
  1221 | D:2      | Slain by a worm

Vault maps used:
D:1:      lightli_arrival_statue_moat, minmay_misc_feat_tiny
D:2:      uniq_iyjb

Skill      XL: |  1  2  3 |
---------------+----------+-----
Bows           | 2 |  2.0
Fighting       | |  2.8
Armour         | |  1.5
Stealth        | |  1.8
Shields        | |  1.0
Spellcasting   | |  2.6
Fire Magic     | |  1.0

Action                   || total
-------------------------++-------
Melee: Shortbow          ||    16
 Fire: Shortbow          ||   100
Throw: Stone             ||     4
  Use: Potion            ||     2
Armor: Ring mail         ||     4
       Skin              ||     8
       Chain mail        ||     6
Dodge: Dodged            ||    18
